 Dungeon Crawl Stone Soup version 0.25.1-2-g60ff931df9 (webtiles) character file.

Game seed: 17663586373429873776

5324 raphialitos the Magician (level 10, -4/71 HPs)
             Began as a Gnoll Skald on Oct 13, 2020.
             Was a Follower of Nemelex Xobeh.
             Killed by divine providence
             ... invoked by an orc priest
              (8 damage)
             ... on level 8 of the Dungeon.
             The game lasted 00:30:16 (9770 turns).

raphialitos the Magician (Gnoll Skald)              Turns: 9770, Time: 00:30:16

Health: -4/71      AC: 10    Str: 21    XL:     10   Next: 64%
Magic:  21/30      EV: 17    Int: 15    God:    Nemelex Xobeh [*.....]
Gold:   205        SH:  5    Dex: 15    Spells: 5/23 levels left

rFire    . . .     SeeInvis .   b - +3 scimitar (flame)
rCold    . . .     Gourm    .   (no shield)
rNeg     . . .     Faith    .   H - +2 robe {MR+}
rPois    .         Spirit   .   G - +0 helmet
rElec    .         Reflect  +   (no cloak)
rCorr    .         Harm     .   j - +0 pair of gloves
MR       ++...                  c - +0 pair of boots
Stlth    +++.......             e - amulet of reflection
HPRegen  0.21/turn              i - +6 ring of strength
MPRegen  0.22/turn              L - ring of magical power

@: about to teleport, infused, singing
A: distributed training, fangs 1, icy blue scales 1, dopey 1, frail 1, magic
resistance 1, strong nose
a: Draw Escape, Draw Destruction, Draw Summoning, Renounce Religion


You were on level 8 of the Dungeon.
You worshipped Nemelex Xobeh.
Nemelex Xobeh was aware of your devotion.
You were hungry.

You visited 2 branches of the dungeon, and saw 9 of its levels.

You collected 445 gold pieces.
You spent 240 gold pieces at shops.

Inventory:

Hand Weapons
 b - a +3 scimitar of flaming (weapon)
Missiles
 h - 4 throwing nets
 l - 7 javelins
 m - 31 poisoned darts (quivered)
 n - 62 sling bullets
 s - 97 arrows
 t - 13 bolts
 B - 2 boomerangs
Armour
 c - a +0 pair of boots (worn)
 j - a +0 pair of gloves (worn)
 G - a +0 helmet (worn)
 H - a +2 robe of magic resistance (worn)
Jewellery
 e - an amulet of reflection (around neck)
 i - a +6 ring of strength (left hand)
 w - an uncursed ring of resist corrosion
 y - an uncursed ring of stealth
 L - a ring of magical power (right hand)
Wands
 a - a wand of flame (23)
 x - a wand of random effects (15)
 C - a wand of iceblast (8)
 F - a wand of digging (6)
 K - a wand of clouds (13)
Scrolls
 o - 4 scrolls of teleportation
 r - 3 scrolls of identify
 D - a scroll of remove curse
 E - a scroll of enchant armour
 J - 2 scrolls of magic mapping
Potions
 f - 3 potions of brilliance
 g - a potion of lignification {unknown}
 k - a potion of cancellation
 p - a potion of might {unknown}
 u - a potion of invisibility
 v - 3 potions of ambrosia
 z - 2 potions of magic
 A - a potion of resistance
Comestibles
 d - 6 rations


   Skills:
 + Level 7.1 Fighting
 + Level 5.3 Short Blades
 + Level 7.1 Long Blades
 + Level 5.3 Axes
 + Level 5.3 Maces & Flails
 + Level 5.3 Polearms
 + Level 5.3 Staves
 + Level 5.3 Slings
 + Level 5.3 Bows
 + Level 5.3 Crossbows
 + Level 5.3 Throwing
 + Level 6.0 Armour
 + Level 7.1 Dodging
 + Level 5.3 Stealth
 + Level 5.3 Shields
 + Level 5.3 Unarmed Combat
 + Level 7.4 Spellcasting
 + Level 4.4 Conjurations
 + Level 4.4 Hexes
 + Level 7.1 Charms
 + Level 4.4 Summonings
 + Level 4.4 Necromancy
 + Level 4.4 Translocations
 + Level 4.4 Transmutations
 + Level 4.4 Fire Magic
 + Level 4.4 Ice Magic
 + Level 4.4 Air Magic
 + Level 4.4 Earth Magic
 + Level 4.4 Poison Magic
 + Level 5.9 Invocations
 + Level 5.3 Evocations


You had 5 spell levels left.
You knew the following spells:

 Your Spells              Type           Power        Failure   Level  Hunger
a - Infusion              Chrm           ####         1%          1    None
b - Song of Slaying       Chrm           ####....     1%          2    None
c - Shroud of Golubria    Chrm/Tloc      ###...       1%          2    None
d - Ozocubu's Armour      Chrm/Ice       ###.....     3%          3    ##.....
e - Spectral Weapon       Hex/Chrm       ###.....     3%          3    ##.....
f - Confusing Touch       Hex            ###.....     6%          3    ##.....
g - Petrify               Tmut/Erth      ###.....     21%         4    ####...

Your spell library contained the following spells:

 Spells                   Type           Power        Failure   Level  Hunger
 Gell's Gravitas          Tloc           ###.......   6%          3    ##.....
 Metabolic Englaciation   Hex/Ice        ###.......   50%         5    #####..
 Yara's Violent Unravell  Hex/Tmut       ###.......   50%         5    #####..


Dungeon Overview and Level Annotations

Branches:
Dungeon (8/15)             Temple (1/1) D:4
   Lair: D:8-11

Altars:
Ashenzari
Cheibriados
Dithmenos
Elyvilon
Fedhas
Gozag
Hepliaklqana
Kikubaaqudgha
Makhleb
Nemelex Xobeh
Okawaru
Qazlal
Ru
Sif Muna
Trog
Uskayaw
Vehumet
Wu Jian
Xom
Yredelemnul
Zin
The Shining One

Shops:
D:5 %:


Innate Abilities, Weirdness & Mutations

Your experience applies equally to all skills.
You have very sharp teeth.
Your uncanny sense of smell can sniff out nearby items.
You are partially covered in icy blue scales. (AC +2)
You are dopey. (Int -2)
You are frail. (-10% HP)
You are resistant to hostile enchantments. (MR+)


Message History

The water moccasin closely misses you.
You hit the water moccasin. You burn the water moccasin.
You bite the water moccasin, but do no damage.
The water moccasin is moderately wounded.
Your spectral weapon completely misses the water moccasin.
The adder bites you.
* * * LOW HITPOINT WARNING * * *
The water moccasin closely misses you. The adder misses you.
You riposte.
You slash the adder! You burn the adder.
You kill the adder!
The orc warrior misses you.
You riposte.
You slash the orc warrior! You burn the orc warrior.
You kill the orc warrior!
The adder misses you.
You swap places.
The water moccasin bites you but does no damage.
The orc priest mumbles some strange prayers to Beogh against you.
Beogh smites you!
You die...
Your body disappears without a glow.

......... #########
#........# ..#.....#
#........# .'.....#
#........#. #.....#
#.......... #.....#
#.......... #...(.#
#.......... #..SS†###
#..........
#.@..####..........
....[oo###..#...#...###..
.....o. ##.#.###.....#..
....... #.#.#...#.#.#..
.......####.#.#.###.....#
#####..#........###.....#
##........####......#
#.>......####..)...#
#####......).......#


You could see a water moccasin, an orc priest, an adder, 2 orcs and a friendly
spectral +3 scimitar of flaming.

Vanquished Creatures
  Harold (D:8)
  Erica (D:8)
  Joseph (D:8)
  A centaur skeleton (D:7)
  Sigmund (D:6)
  A wyvern (D:8)
  2 hungry ghosts
  Menkaure (D:7)
  2 water moccasins (D:8)
  A porcupine (D:8)
  2 orc warriors
  2 phantoms
  6 ogres
  A centaur (D:8)
  2 bullfrogs (D:8)
  2 scorpions (D:8)
  A quasit (D:6)
  5 orc priests
  3 bullfrog skeletons (D:8)
  6 hounds
  7 orc wizards
  A jelly (D:7)
  Terence (D:3)
  Natasha (thrice) (D:3)
  An iguana (D:7)
  4 worker ants
  7 gnolls
  9 adders
  A shadow imp (D:8)
  An adder skeleton (D:4)
  A worm (D:3)
  A dart slug (D:1)
  12 leopard geckos
  29 orcs
  9 giant cockroaches
  6 goblins
  5 hobgoblins
  11 jackals
  6 quokkas
  A ball python (D:4)
  10 bats
  6 frilled lizards
  A giant cockroach zombie (D:6)
  9 kobolds
  A quokka zombie (D:6)
  6 rats
191 creatures vanquished.

Vanquished Creatures (others)
  4 spectral weapons (D:6)
4 creatures vanquished.

Grand Total: 195 creatures vanquished

Notes
Turn   | Place    | Note
-------+----------+-------------------------------------------
     0 | D:1      | raphialitos the Gnoll Skald began the quest for the Orb.
     0 | D:1      | Reached XP level 1. HP: 20/20 MP: 6/6
   122 | D:1      | Reached XP level 2. HP: 20/26 MP: 7/7
   482 | D:1      | Learned a level 2 spell: Song of Slaying
   485 | D:1      | Learned a level 2 spell: Shroud of Golubria
   541 | D:1      | Reached XP level 3. HP: 19/31 MP: 1/9
   545 | D:1      | Reached skill level 5 in Spellcasting
   893 | D:2      | Learned a level 3 spell: Ozocubu's Armour
   897 | D:2      | Learned a level 3 spell: Spectral Weapon
  1164 | D:2      | Reached skill level 1 in Invocations
  1381 | D:2      | Reached skill level 1 in Short Blades
  1381 | D:2      | Reached skill level 1 in Axes
  1381 | D:2      | Reached skill level 1 in Maces & Flails
  1381 | D:2      | Reached skill level 1 in Polearms
  1381 | D:2      | Reached skill level 1 in Staves
  1381 | D:2      | Reached skill level 1 in Slings
  1381 | D:2      | Reached skill level 1 in Bows
  1381 | D:2      | Reached skill level 1 in Crossbows
  1381 | D:2      | Reached skill level 1 in Throwing
  1381 | D:2      | Reached skill level 1 in Stealth
  1381 | D:2      | Reached skill level 1 in Shields
  1381 | D:2      | Reached skill level 1 in Unarmed Combat
  1381 | D:2      | Reached skill level 1 in Evocations
  1381 | D:2      | Reached XP level 4. HP: 38/38 MP: 8/11
  1931 | D:2      | Gained mutation: You are resistant to hostile enchantments.
                  | (MR+) [potion of mutation]
  1931 | D:2      | Gained mutation: You are dopey. (Int -2) [potion of
                  | mutation]
  1931 | D:2      | Gained mutation: You are frail. (-10% HP) [potion of
                  | mutation]
  1931 | D:2      | Gained mutation: You are partially covered in icy blue
                  | scales. (AC +2) [potion of mutation]
  2023 | D:3      | Found a burning altar of Makhleb.
  2152 | D:3      | Reached skill level 1 in Conjurations
  2152 | D:3      | Reached skill level 1 in Hexes
  2152 | D:3      | Reached skill level 1 in Summonings
  2152 | D:3      | Reached skill level 1 in Necromancy
  2152 | D:3      | Reached skill level 1 in Translocations
  2152 | D:3      | Reached skill level 1 in Transmutations
  2152 | D:3      | Reached skill level 1 in Fire Magic
  2152 | D:3      | Reached skill level 1 in Ice Magic
  2152 | D:3      | Reached skill level 1 in Air Magic
  2152 | D:3      | Reached skill level 1 in Earth Magic
  2152 | D:3      | Reached skill level 1 in Poison Magic
  2308 | D:3      | Noticed Natasha
  2311 | D:3      | Killed Natasha
  2311 | D:3      | Reached XP level 5. HP: 38/38 MP: 8/12
  2477 | D:3      | Noticed Natasha
  2484 | D:3      | Killed Natasha
  2613 | D:3      | Noticed Natasha
  2616 | D:3      | Noticed Terence
  2618 | D:3      | Killed Natasha
  2633 | D:3      | Killed Terence
  2755 | D:3      | Reached XP level 6. HP: 45/45 MP: 13/13
  2927 | D:4      | Found a staircase to the Ecumenical Temple.
  3005 | D:4      | You fall into a shaft and drop 2 floors!
  3225 | D:6      | Reached skill level 5 in Fighting
  3225 | D:6      | Reached skill level 5 in Long Blades
  3225 | D:6      | Reached skill level 5 in Dodging
  3675 | D:6      | Noticed Sigmund
  3689 | D:6      | Killed Sigmund
  3689 | D:6      | Reached XP level 7. HP: 42/50 MP: 4/15
  4277 | D:6      | HP: 1/50 [phantom (4)]
  4313 | D:5      | Entered Level 5 of the Dungeon
  4805 | D:5      | Found Sanavid's Book Boutique.
  4839 | D:5      | Found Utsawaz's Food Shop.
  5129 | D:5      | Reached XP level 8. HP: 56/56 MP: 16/16
  5145 | D:5      | Bought a book of Misfortune for 240 gold pieces
  5149 | D:5      | Learned a level 3 spell: Confusing Touch
  5154 | D:5      | Learned a level 4 spell: Petrify
  6591 | Temple   | Entered the Ecumenical Temple
  6843 | Temple   | Became a worshipper of Nemelex Xobeh the Trickster
  7357 | D:6      | Received a gift from Nemelex Xobeh
  7567 | D:7      | Received a gift from Nemelex Xobeh
  7625 | D:7      | Noticed Menkaure
  7638 | D:7      | Killed Menkaure
  7897 | D:7      | Reached XP level 9. HP: 30/62 MP: 11/18
  8563 | D:7      | Reached * piety under Nemelex Xobeh
  8666 | D:8      | Received a gift from Nemelex Xobeh
  8780 | D:8      | Reached skill level 5 in Armour
  8782 | D:8      | Noticed Erica
  8795 | D:8      | Killed Erica
  8795 | D:8      | Reached skill level 5 in Invocations
  8795 | D:8      | Reached XP level 10. HP: 50/69 MP: 16/20
  8992 | D:8      | Noticed Joseph
  9008 | D:8      | Killed Joseph
  9008 | D:8      | Reached skill level 5 in Short Blades
  9008 | D:8      | Reached skill level 5 in Axes
  9008 | D:8      | Reached skill level 5 in Maces & Flails
  9008 | D:8      | Reached skill level 5 in Polearms
  9008 | D:8      | Reached skill level 5 in Staves
  9008 | D:8      | Reached skill level 5 in Slings
  9008 | D:8      | Reached skill level 5 in Bows
  9008 | D:8      | Reached skill level 5 in Crossbows
  9008 | D:8      | Reached skill level 5 in Throwing
  9008 | D:8      | Reached skill level 5 in Stealth
  9008 | D:8      | Reached skill level 5 in Shields
  9008 | D:8      | Reached skill level 5 in Unarmed Combat
  9008 | D:8      | Reached skill level 5 in Evocations
  9010 | D:8      | HP: 2/69 [orc priest/divine providence (11)]
  9024 | D:8      | Noticed Harold
  9070 | D:8      | HP: 2/69 [Harold/harpoon shot (13)]
  9402 | D:8      | Killed Harold
  9770 | D:8      | Killed from afar by an orc priest

Illustrated notes

Levels and vault maps discovered:
D:1:      dpeg_arrival_pits, layout_rooms, chequers_avenue, minmay_pentomino_p2
D:2:      layout_basic
D:3:      layout_rooms, overflow_temple_1_default, serial_forest,
          infiniplex_forest_3_way, infiniplex_forest_end_2,
          infiniplex_forest_lined_room_, infiniplex_forest_end_double,
          infiniplex_forest_lined_2, infiniplex_forest_clump_curved,
          uniq_terence, uniq_natasha
D:4:      layout_basic, minmay_temple_entry_large_hall,
          minmay_stone_trees_medium
D:5:      layout_gridville, first_ration, serial_shops, shop,
          nicolae_shop_statue_plus, item_on_display_a
D:6:      layout_cave_pods, minmay_misc_feat_pillars, minmay_misc_feat_plants,
          uniq_sigmund
D:7:      layout_gridville, uniq_menkaure
D:8:      layout_rooms, guppyfry_shop_venom, uniq_harold, uniq_erica,
          uniq_joseph
Temple:   regret_index_temple_sigil_plot

Skill      XL: |  1  2  3  4  5  6  7  8  9 10 |
---------------+-------------------------------+-----
Spellcasting   | 5 6 7 |  7.4
Invocations    | 1 2 3 4 5 |  5.9
Short Blades   | 1 2 3 4 5 |  5.3
Axes           | 1 2 3 4 5 |  5.3
Maces & Flails | 1 2 3 4 5 |  5.3
Polearms       | 1 2 3 4 5 |  5.3
Staves         | 1 2 3 4 5 |  5.3
Slings         | 1 2 3 4 5 |  5.3
Bows           | 1 2 3 4 5 |  5.3
Crossbows      | 1 2 3 4 5 |  5.3
Throwing       | 1 2 3 4 5 |  5.3
Stealth        | 1 2 3 4 5 |  5.3
Shields        | 1 2 3 4 5 |  5.3
Unarmed Combat | 1 2 3 4 5 |  5.3
Evocations     | 1 2 3 4 5 |  5.3
Conjurations   | 1 2 3 4 |  4.4
Hexes          | 1 2 3 4 |  4.4
Summonings     | 1 2 3 4 |  4.4
Necromancy     | 1 2 3 4 |  4.4
Translocations | 1 2 3 4 |  4.4
Transmutations | 1 2 3 4 |  4.4
Fire Magic     | 1 2 3 4 |  4.4
Ice Magic      | 1 2 3 4 |  4.4
Air Magic      | 1 2 3 4 |  4.4
Earth Magic    | 1 2 3 4 |  4.4
Poison Magic   | 1 2 3 4 |  4.4
Armour         | 3 4 5 6 |  6.0
Fighting       | 5 6 7 |  7.1
Long Blades    | 5 6 7 |  7.1
Dodging        | 5 6 7 |  7.1
Charms         | 6 7 |  7.1

Action                   |  1- 3 |  4- 6 |  7- 9 | 10-12 || total
-------------------------+-------+-------+-------+-------++-------
Melee: Falchion          |    85 |   112 |       |       ||   197
       Bite              |    11 |    13 |    37 |    10 ||    71
       Punch             |       |     3 |     5 |     2 ||    10
       Morningstar       |       |    33 |   269 |     1 ||   303
       Scimitar          |       |       |       |    56 ||    56
Throw: Javelin           |       |       |     1 |     4 ||     5
       Dart              |       |       |       |     2 ||     2
 Cast: Infusion          |     7 |    12 |    18 |     4 ||    41
       Song of Slaying   |     1 |     5 |     8 |     3 ||    17
       Spectral Weapon   |     1 |     7 |    13 |     3 ||    24
       Ozocubu's Armour  |       |     3 |     7 |     4 ||    14
       Confusing Touch   |       |       |     3 |       ||     3
       Petrify           |       |       |     1 |       ||     1
Invok: Draw Destruction  |       |       |     1 |     3 ||     4
       Draw Escape       |       |       |       |     2 ||     2
Evoke: Wand              |       |       |     1 |       ||     1
  Use: Scroll            |     4 |     7 |    11 |     3 ||    25
       Potion            |       |     1 |     2 |     4 ||     7
 Stab: Sleeping          |     1 |     1 |     4 |     1 ||     7
       Distracted        |       |     1 |     1 |       ||     2
       Confused          |       |       |     1 |       ||     1
  Eat: Chunk             |     2 |     7 |    12 |       ||    21
       Ration            |       |       |     3 |     1 ||     4
Armor: Leather armour    |    26 |    45 |    60 |       ||   131
       Robe              |       |       |    44 |    12 ||    56
Dodge: Dodged            |    67 |   144 |   310 |    51 ||   572
Block: Other             |    23 |    23 |    19 |    16 ||    81
       Reflection        |       |       |       |     1 ||     1
       Rpst.: Falchion   |    14 |    24 |       |       ||    38
       Scimitar          |       |       |       |    16 ||    16
